 Dungeon Crawl Stone Soup version 0.26.0-10-g1f06aea511 (webtiles) character file.

Game seed: 3162446281377522341

7012 Borgoz the Carver (level 11, -2/95 HPs)
             Began as a Ghoul Gladiator on Jan 14, 2021.
             Was an Initiate of Ashenzari.
             Slain by a hornet (10 damage)
             ... on level 10 of the Dungeon.
             The game lasted 00:18:10 (10278 turns).

Borgoz the Carver (Ghoul Gladiator)                Turns: 10278, Time: 00:18:11

Health: -2/95      AC: 13    Str: 19    XL:     11   Next: 8%
Magic:  10/10      EV: 17    Int:  3    God:    Ashenzari [......]
Gold:   582        SH:  0    Dex: 13    Spells: 10/10 levels left

rFire    . . .     SeeInvis .   a - +2 long sword
rCold    + + .     Faith    .   (no shield)
rNeg     + + +     Spirit   .   s - +1 scale mail "Zotixizou" {rC+ Regen+} (curse)
rPois    ∞         Reflect  .   c - +0 helmet
rElec    .         Harm     .   (no cloak)
rCorr    +         Rampage  .   f - +1 pair of gloves
Will     .....                  r - +0 pair of boots
Stlth    ..........             (no amulet)
HPRegen  0.00/turn              i - +4 ring of evasion
MPRegen  0.12/turn              p - ring of resist corrosion

@: no status effects
A: claws 1, cold resistance 1, negative energy resistance 3, inhibited
regeneration, torment resistance, unbreathing
a: Renounce Religion, Curse Item


You were on level 10 of the Dungeon.
You worshipped Ashenzari.
Ashenzari was noncommittal.
You visited 2 branches of the dungeon, and saw 11 of its levels.

You collected 582 gold pieces.

Inventory:

Hand Weapons
 a - a +2 long sword (weapon)
 t - a +1 vampiric falchion
Armour
 c - a +0 helmet (worn)
 f - a +1 pair of gloves (worn)
 r - a +0 pair of boots (worn)
 s - the cursed +1 scale mail "Zotixizou" (worn) {rC+ Regen+}
   (You took it off an orc on level 4 of the Dungeon)

   It protects you from cold.
   It increases your rate of regeneration.
   It has a curse placed upon it.
Jewellery
 h - an uncursed ring of flight
 i - a +4 ring of evasion (left hand)
 p - a ring of resist corrosion (right hand)
Wands
 m - a wand of flame (21)
Scrolls
 b - 3 scrolls of fear
 e - 10 scrolls of remove curse
 j - a scroll of teleportation
 k - a scroll of fog
 x - a scroll of enchant weapon
Potions
 g - 6 potions of brilliance
 n - 2 potions of resistance
 o - 3 potions of might
 q - 2 potions of haste {unknown}
 u - a potion of invisibility
 w - 3 potions of flight


   Skills:
 + Level 8.4 Fighting
 * Level 10.1 Long Blades
 - Level 1.7 Throwing
 + Level 6.7 Armour
 + Level 7.4 Dodging


You had 10 spell levels left.
You didn't know any spells.
Your spell library contained the following spells:

 Spells                   Type           Power        Failure   Level
 Animate Skeleton         Necr           0%           86%         1
 Apportation              Tloc           0%           86%         1
 Corona                   Hex            0%           86%         1
 Magic Dart               Conj           0%           86%         1
 Sting                    Tmut/Pois      0%           86%         1
 Summon Small Mammal      Summ           0%           86%         1
 Blink                    Tloc           N/A          94%         2
 Call Imp                 Summ           0%           94%         2
 Poisonous Vapours        Pois/Air       0%           94%         2
 Slow                     Hex            0%           94%         2
 Conjure Flame            Conj/Fire      0%           99%         3
 Ignite Poison            Fire/Tmut/Pois 0%           99%         3
 Mephitic Cloud           Conj/Pois/Air  0%           99%         3
 Olgreb's Toxic Radiance  Pois           0%           100%        4


Dungeon Overview and Level Annotations

Branches:
Dungeon (10/15)            Temple (1/1) D:6            Lair (0/6) D:8
    Orc: D:9-12

Altars:
Ashenzari
Cheibriados
Dithmenos
Elyvilon
Fedhas
Gozag
Hepliaklqana
Kikubaaqudgha
Makhleb
Nemelex Xobeh
Okawaru
Qazlal
Ru
Sif Muna
Trog
Uskayaw
Vehumet
Wu Jian
Xom
Yredelemnul
Zin
The Shining One

Shops:
D:7 [


Innate Abilities, Weirdness & Mutations

You thrive by killing the living.
You are immune to poison.
You have sharp fingernails.
Your flesh is cold resistant. (rC+)
You are immune to negative energy. (rN+++)
You do not regenerate when monsters are visible.
You are immune to unholy pain and torment.
You can survive without breathing.


Message History

* * * LOW HITPOINT WARNING * * *
You hit the hornet.
The hornet is almost dead.
The hornet stings you!
* * * LOW HITPOINT WARNING * * *
The hornet closely misses you.
Okay, then.
Evoke which item? (* to show all) (? for menu, Esc to quit)
Aiming: Paralyse
Press: ? - help, Shift-Dir - straight line, f - hornet
Aim: a hornet (severely wounded, chance to affect: 37%)
The hornet easily resists.
The hornet stings you.
* * * LOW HITPOINT WARNING * * *
Evoke which item? (* to show all) (? for menu, Esc to quit)
Aiming: Paralyse
Press: ? - help, Shift-Dir - straight line, f/p - hornet
Aim: a hornet (severely wounded, chance to affect: 37%)
The hornet easily resists.
The now-empty wand crumbles to dust.
The hornet stings you!
You die...

.#..# ...
####+###...#
.#..# ..
#(........!#
.#..#
#..........#
.#..##
##....########
.#...#
.##....#[.....#
.'...#
........'......#
.#...#
##+##....#..(...#
.#...#
....##+###......#
.#...#
......y@........#
.'...#
..........#######
.#...#
..........#
.#####
..........#
.....#
##........#
.....# #........#
.....# #........#
.....# #.....$.>#
.#####


You could see a hornet.

Vanquished Creatures
  Joseph (D:7)
  A wyvern (D:9)
  A wraith (D:10)
  13 yaks
  6 ice beasts
  3 black bears
  Duvessa (D:6)
  2 sky beasts
  2 orc warriors
  2 phantoms
  5 ogres
  3 centaurs
  6 bullfrogs
  Dowan (D:6)
  A wyvern skeleton (D:7)
  3 scorpions
  9 killer bees
  2 howler monkeys
  A crimson imp (D:9)
  4 hounds
  2 jellies
  A bullfrog skeleton (D:7)
  A centaur skeleton (D:7)
  7 orc priests
  6 orc wizards
  An iguana (D:6)
  11 worker ants
  Ijyb (D:4)
  A hound zombie (D:7)
  2 worker ant zombies
  A howler monkey skeleton (D:5)
  9 adders
  7 gnolls
  A shadow imp (D:8)
  2 white imps
  An ufetubus (D:7)
  An ooze (D:1)
  An adder zombie (D:7)
  An adder skeleton (D:4)
  5 worms
  A dart slug (D:1)
  5 leopard geckos
  38 orcs
  10 bats
  6 giant cockroaches
  2 gnoll zombies (D:8)
  4 goblins
  8 hobgoblins
  13 jackals
  7 quokkas
  4 ball pythons
  6 frilled lizards
  6 kobolds
  8 rats
247 creatures vanquished.

Vanquished Creatures (others)
  31 fungi (D:8)
  11 plants (D:8)
42 creatures vanquished.

Grand Total: 289 creatures vanquished

Notes
Turn   | Place    | Note
-------+----------+-------------------------------------------
     0 | D:1      | Borgoz the Ghoul Gladiator began the quest for the Orb.
     0 | D:1      | Reached XP level 1. HP: 17/17 MP: 0/0
   145 | D:1      | Reached skill level 3 in Long Blades
   145 | D:1      | Reached XP level 2. HP: 18/25 MP: 1/1
   283 | D:1      | Reached XP level 3. HP: 30/30 MP: 2/2
   668 | D:1      | Reached skill level 1 in Armour
   745 | D:2      | Found an ornate altar of the Wu Jian Council.
   849 | D:2      | Found a hide-covered altar of Uskayaw.
   877 | D:2      | Found an iron altar of Okawaru.
  1061 | D:2      | Found a sparkling altar of Nemelex Xobeh.
  1099 | D:2      | Reached XP level 4. HP: 34/37 MP: 3/3
  1849 | D:3      | Reached XP level 5. HP: 45/45 MP: 4/4
  1974 | D:3      | Found a stormy altar of Qazlal.
  2011 | D:3      | Reached skill level 4 in Long Blades
  2595 | D:4      | Reached XP level 6. HP: 30/51 MP: 5/5
  3204 | D:4      | Noticed Ijyb
  3228 | D:4      | Killed Ijyb
  3408 | D:4      | Identified the cursed +1 scale mail "Zotixizou" {rC+
                  | Regen+}
  3486 | D:4      | Reached XP level 7. HP: 57/59 MP: 6/6
  3503 | D:4      | Reached skill level 5 in Long Blades
  3529 | D:4      | Found a sacrificial altar of Ru.
  3962 | D:5      | Entered Level 5 of the Dungeon
  4342 | D:5      | Found a snail-covered altar of Cheibriados.
  4609 | D:5      | Reached XP level 8. HP: 67/67 MP: 7/7
  5269 | D:6      | Noticed Duvessa
  5269 | D:6      | Noticed Dowan
  5280 | D:6      | Killed Duvessa
  5281 | D:6      | Reached skill level 5 in Fighting
  5281 | D:6      | Reached skill level 6 in Long Blades
  5289 | D:6      | Killed Dowan
  5442 | D:6      | Reached skill level 5 in Dodging
  5506 | D:6      | Found a staircase to the Ecumenical Temple.
  5752 | D:6      | You fall into a shaft and drop 1 floor!
  5879 | D:6      | Reached XP level 9. HP: 62/75 MP: 8/8
  5880 | D:6      | Reached skill level 7 in Long Blades
  6312 | D:7      | Noticed Joseph
  6332 | D:7      | Killed Joseph
  6508 | D:7      | Found Woisag's Armour Emporium.
  6661 | D:7      | Found a snail-covered altar of Cheibriados.
  6954 | Temple   | Entered the Ecumenical Temple
  7171 | Temple   | Became a worshipper of Ashenzari the Shackled
  7254 | D:8      | Found a staircase to the Lair.
  7267 | D:8      | Reached skill level 5 in Armour
  7271 | D:8      | Reached skill level 8 in Long Blades
  7448 | D:7      | Reached XP level 10. HP: 59/86 MP: 9/9
  7692 | D:8      | Found a shadowy altar of Dithmenos.
  8013 | D:8      | Found a basalt altar of Yredelemnul.
  8538 | D:9      | Reached skill level 9 in Long Blades
  8563 | D:9      | Found a white marble altar of Elyvilon.
  8655 | D:9      | Found a burning altar of Makhleb.
  8657 | D:9      | Found a shimmering altar of Xom.
  8700 | D:9      | Found a shimmering blue altar of Sif Muna.
  8707 | D:9      | Found a glowing golden altar of the Shining One.
  9080 | D:10     | Entered Level 10 of the Dungeon
  9911 | D:10     | Reached XP level 11. HP: 39/94 MP: 10/10
  9915 | D:10     | Reached skill level 10 in Long Blades
 10278 | D:10     | Slain by a hornet

Illustrated notes

Levels and vault maps discovered:
D:1:      kennysheep_arrival_forest, layout_basic
D:2:      cheibrodos_pilgrimage, layout_basic, nzn_wu_jian_council_hall,
          okawaru_gym_becter, eat_drink_and_be_merry_uskayaw,
          minmay_misc_feat_cross, chequers_serial_rivers_room_b,
          nemelex_spade_bored_becter
D:3:      layout_basic, nicolae_qazlal_general_emergency, dk_noncrumbling_3,
          st_stairs_10
D:4:      layout_cave_pools, lemuel_round_altar, uniq_ijyb
D:5:      layout_layer_cave, nicolae_overflow_crystal_walls,
          nrook_pool_corridor, kennysheep_flooded_box
D:6:      layout_basic, minmay_temple_entry_from_below_a, uniq_duvessa
D:7:      minmay_s_stair_smasher, layout_basic, serial_shops, shop,
          lemuel_statue_altar, uniq_joseph
D:8:      layout_gridville, lemuel_zombie_altar_yredelemnul,
          kennysheep_mini_moat, due_lair_maze_entry_diamond
D:9:      layout_basic, grunt_temple_overflow_champion_of_chaos,
          elyvilon_altar_5, amethyst_overflow_temple_binary
D:10:     layout_gridville
Temple:   jpeg_temple_island

Skill      XL: |  1  2  3  4  5  6  7  8  9 10 11 |
---------------+----------------------------------+-----
Long Blades    | 3 4 5 6 8 9 10 | 10.1
Dodging        | 3 4 5 6 7 |  7.4
Armour         | 1 2 3 4 5 6 |  6.7
Fighting       | 3 4 5 7 8 |  8.4
Throwing       | |  1.7

Action                   |  1- 3 |  4- 6 |  7- 9 | 10-12 || total
-------------------------+-------+-------+-------+-------++-------
Melee: Long sword        |   101 |   219 |   420 |   345 ||  1085
       Falchion          |       |       |       |    58 ||    58
Throw: Throwing net      |     1 |     7 |     1 |       ||     9
Evoke: Wand              |       |       |     5 |     6 ||    11
  Use: Scroll            |     6 |     4 |     6 |     7 ||    23
       Potion            |       |     2 |     4 |     1 ||     7
 Stab: Held in net/web   |       |     1 |       |       ||     1
       Paralysed         |       |       |     2 |     2 ||     4
       Invisible         |       |       |       |     1 ||     1
Armor: Leather armour    |    25 |    14 |       |       ||    39
       Ring mail         |     7 |    29 |       |       ||    36
       Scale mail        |       |     7 |   164 |   127 ||   298
Dodge: Dodged            |    95 |   200 |   416 |   342 ||  1053
       Rpst.: Long sword |    31 |    76 |   130 |   100 ||   337
       Falchion          |       |       |       |    11 ||    11
